 Dungeon Crawl Stone Soup version 0.27-a0-1555-g0e7b3fb1d2 (webtiles) character file.

Game seed: 7867588358408145271

57 lunkers the Ruffian (level 4, 0/36 HPs)
             Began as a Ghoul Warper on July 14, 2021.
             Slain by an orc wizard (1 damage)
             ... on level 2 of the Dungeon.
             The game lasted 00:02:24 (1792 turns).

lunkers the Ruffian (Ghoul Warper)                  Turns: 1792, Time: 00:02:25

Health: 0/36       AC:  5    Str: 14    XL:     4   Next: 0%
Magic:  5/5        EV: 10    Int:  8    God:
Gold:   56         SH:  0    Dex:  9    Spells: 6/6 levels left

rFire    . . .     SeeInvis .     - Unarmed
rCold    + . .     Faith    .   (no shield)
rNeg     + + +     Spirit   .   f - +0 ring mail
rPois    ∞         Reflect  .   (no helmet)
rElec    .         Harm     .   (no cloak)
rCorr    .         Rampage  .   (no gloves)
Will     .....                  (no boots)
Stlth    ..........             (no amulet)
HPRegen  0.00/turn              (no ring)
MPRegen  0.09/turn              (no ring)

@: confused, hasted, very quick
A: claws 1, cold resistance 1, negative energy resistance 3, inhibited
regeneration, torment resistance 2
a: no special abilities


You were on level 2 of the Dungeon.
You visited 1 branch of the dungeon, and saw 2 of its levels.

You collected 56 gold pieces.

Inventory:

Missiles
 c - 5 boomerangs of dispersal
Armour
 a - a +0 leather armour
 f - a +0 ring mail (worn)
 i - a +0 chain mail
Scrolls
 b - a scroll of blinking
 e - a scroll of immolation {unknown}
 g - a scroll of enchant armour {unknown}


   Skills:
 - Level 2.1 Fighting
 - Level 0.8 Throwing
 - Level 0.8 Armour
 - Level 1.7 Dodging
 * Level 4.5 Unarmed Combat
 - Level 1.7 Spellcasting
 - Level 2.6 Translocations


You had 6 spell levels left.
You didn't know any spells.
Your spell library contained the following spells:

 Spells                   Type           Power      Damage    Failure   Level
 Blink                    Tloc           N/A        N/A       36%         2
 Gell's Gravitas          Tloc           2%         N/A       58%         3
 Lesser Beckoning         Tloc           2%         N/A       58%         3
 Teleport Other           Tloc           5%         N/A       58%         3
 Passwall                 Tmut/Erth      0%         N/A       75%         2
 Swiftness                Air            0%         N/A       92%         3
 Animate Dead             Necr           0%         N/A       100%        4
 Borgnjor's Vile Clutch   Necr/Erth      0%         N/A       100%        5
 Manifold Assault         Tloc           5%         N/A       100%        5
 Death Channel            Necr           0%         N/A       100%        6
 Invisibility             Hex            0%         N/A       100%        6


Dungeon Overview and Level Annotations

Branches:
Dungeon (2/15)

Altars:


Innate Abilities, Weirdness & Mutations

You thrive by killing the living.
You are immune to poison.
You have sharp fingernails.
Your flesh is cold resistant. (rC+)
You are immune to negative energy. (rN+++)
You do not regenerate when monsters are visible.
You are immune to unholy pain and torment.


Message History

You bump into the rock wall.
Something hits you but does no damage.
You closely miss something. Something hits you but does no damage.
You bump into the rock wall.
Something hits you but does no damage.
Unknown command.
You miss something. Something hits you but does no damage.
You bump into the rock wall.
You hear some strange, mumbled words.
A puff of flame appears from out of thin air!
The puff of flame hits you!
* * * LOW HITPOINT WARNING * * *
You're too confused to move!
You feel less confused. Something hits you but does no damage.
You miss something. Something hits you.
* * * LOW HITPOINT WARNING * * *
You closely miss something. Something hits you.
* * * LOW HITPOINT WARNING * * *
You scratch something.
You hear some strange, mumbled words.
You are confused.
Unknown command.
It was a potion of haste.
You feel yourself speed up. Something hits you but does no damage.
It was a potion of berserk rage.
You feel slightly irritated.
Unknown command.
You bump into the rock wall.
Unknown command.
You scratch something but do no damage. Something hits you.
* * * LOW HITPOINT WARNING * * *
You're too confused to move!
Unknown command.
You hear some strange, mumbled words.
You are more confused.
Unknown command.
You miss something.
You bump into the rock wall.
You miss the orc. You claw the orc.
The orc is heavily wounded.
Something hits you.
You die...

#.#####.####.##.###...
#.##................#
#..................##
#.......####.##.##$#
##.......# #.# .# ###
#........# #.# .#
..###..........##o# .#
#.#..........#.##o##.#...
#...............@.......#
###.#.###..###...........
#.#.# #...............#
#.#.# #.###..###......
#.#.. .# #.. #.##.# #.#..
#.. .# # #.#..# ... #. .#
##.. #.


You could see 2 orcs.

Vanquished Creatures
  An adder (D:2)
  4 ball pythons (D:1)
  3 endoplasms (D:1)
  2 giant cockroaches (D:1)
  2 goblins (D:1)
  3 hobgoblins (D:1)
  8 jackals (D:1)
  2 quokkas (D:1)
  3 bats (D:1)
  A frilled lizard (D:1)
  10 kobolds (D:1)
  3 rats (D:1)
42 creatures vanquished.

Vanquished Creatures (others)
  10 plants (D:1)
10 creatures vanquished.

Grand Total: 52 creatures vanquished

Notes
Turn   | Place    | Note
-------+----------+-------------------------------------------
     0 | D:1      | lunkers the Ghoul Warper began the quest for the Orb.
     0 | D:1      | Reached XP level 1. HP: 17/17 MP: 2/2
   387 | D:1      | Reached XP level 2. HP: 18/24 MP: 3/3
   396 | D:1      | Reached skill level 3 in Unarmed Combat
   771 | D:1      | Reached XP level 3. HP: 28/29 MP: 4/4
   895 | D:1      | Reached skill level 4 in Unarmed Combat
  1765 | D:2      | Reached XP level 4. HP: 24/36 MP: 5/5
  1787 | D:2      | HP: 1/36 [something (1)]
  1792 | D:2      | Slain by an orc wizard

Illustrated notes

Levels and vault maps discovered:
D:1:      kennysheep_arrival_forest, layout_basic, serial_park_tiny_1,
          st_stairs_4, lexackson_kobold_supper
D:2:      layout_loops_ring, basic_ecumenical_altar

Skill      XL: |  1  2  3 |
---------------+----------+-----
Unarmed Combat | 3 4 |  4.5
Fighting       | |  2.1
Throwing       | |  0.8
Armour         | |  0.8
Dodging        | |  1.7
Spellcasting   | |  1.7
Translocations | |  2.6

Action                   |  1- 3 |  4- 6 || total
-------------------------+-------+-------++-------
Melee: Unarmed           |   168 |    14 ||   182
       Punch             |     4 |     1 ||     5
  Use: Potion            |       |     2 ||     2
Armor: Leather armour    |    32 |       ||    32
       Ring mail         |    43 |     8 ||    51
Dodge: Dodged            |    89 |       ||    89

Table legend: (Time is in decaauts)
 A = Elapsed time spent in this place.
 B = Non-inter-level travel time spent in this place.
 C = Inter-level travel time spent in this place.
 D = Time resting spent in this place.
 E = Time spent auto-exploring this place.
 F = Levels seen in this place.
 G = Mean time per level.
                   A        B        C        D        E       F      G
               +--------+--------+--------+--------+--------+-----+--------+
         Total |   1776 |   1639 |    137 |      0 |   1331 |   2 |  888.0 |
       Dungeon |   1776 |   1639 |    137 |      0 |   1331 |   2 |  888.0 |
               +--------+--------+--------+--------+--------+-----+--------+

Top non-repeatable levels by time:
     D:1: 1633 daAuts
     D:2: 142 daAuts
